 Dungeon Crawl Stone Soup version 0.30.0-20-g3615ddf2f0 (webtiles) character file.

Game seed: 6673741992524330301

144 qw the Chopper (level 5, -2/32 HPs)
             Began as a Gargoyle Fighter on May 29, 2023.
             Killed by divine providence
             ... invoked by an orc priest
              (15 damage)
             ... on level 3 of the Dungeon.
             The game lasted 00:01:15 (2084 turns).

qw the Chopper (Gargoyle Fighter)                   Turns: 2084, Time: 00:01:16

Health: -2/32      AC: 16    Str: 22    XL:     5   Next: 27%
Magic:  5/5        EV:  6    Int:  8    God:
Gold:   184        SH:  5    Dex: 15    Spells: 4/4 levels left

rFire   . . .        Y - +0 war axe
rCold   + . .        c - +0 buckler
rNeg    + . .        j - +0 plate armour
rPois   inf          (no helmet)
rElec   +            k - +0 cloak
rCorr   .            (no gloves)
SInv    .            (no boots)
Will    .....        (no amulet) Stlth
                     i - ring of protection from cold
HPRegen 0.25/turn    q - +6 ring of dexterity
MPRegen 0.09/turn

%: no passive effects
@: no status effects
A: sickness immunity, AC +4, negative energy resistance 1, electricity
resistance, torment resistance 1, petrification resistance
a: no special abilities


You were on level 3 of the Dungeon.
You visited 1 branch of the dungeon, and saw 3 of its levels.

You collected 184 gold pieces.


Innate Abilities, Weirdness & Mutations

You are immune to sickness and miasma.
Your stone body is resilient. (AC +4)
You are immune to poison.
You resist negative energy. (rN+)
You are resistant to electric shocks. (rElec)
You are resistant to unholy torment.
You are immune to petrification.


   Skills:
 - Level 3.2 Fighting
 + Level 4.4 Axes
 - Level 3.2 Armour
 - Level 1.4 Dodging
 - Level 3.2 Shields


You had 4 spell levels left.
You didn't know any spells.
Your spell library was empty.

Inventory:

Hand Weapons
 f - a +0 whip
 Y - a +0 war axe (weapon)
Armour
 c - a +0 buckler (worn)
 j - a +0 plate armour (worn)
 k - a +0 cloak (worn)
Jewellery
 b - a ring of resist corrosion
 h - a ring of fire
 i - a ring of protection from cold (left hand)
 q - a +6 ring of dexterity (right hand)
Scrolls
 m - a scroll of poison {unknown}
 o - 4 scrolls of identify
 r - a scroll of amnesia {unknown}
Potions
 a - a potion of lignification
 d - 2 potions of might
 e - a potion of ambrosia {unknown}
 g - 2 potions of haste {unknown}
 n - a potion of curing {unknown}
 p - a potion of flight {unknown}
 s - a potion of berserk rage {unknown}

Dungeon Overview and Level Annotations

Branches:
Dungeon (3/15)

Altars:

Shops:
D:1 *


Message History

Enter note:
2072 ||| Stepping ~*~*~tactically~*~*~ (hiding).
An orc comes into view. It is wielding a +0 club.
An orc comes into view.
It is wielding a +0 short sword and quivering poisoned darts.
Enter note:
Enter note: You slash the orc priest!
The orc priest is severely wounded.
An orc priest comes into view. It is wielding a +0 hand axe.
The orc priest hits you but does no damage.
You hit the orc priest.
The orc priest is almost dead.
You block the orc priest's attack.
You hit the orc.
The orc is lightly wounded.
The orc hits you but does no damage.
You closely miss the orc.
The orc is lightly wounded.
The orc barely misses you.
You closely miss the orc.
The orc is lightly wounded.
The orc hits you but does no damage. x2
You barely miss the orc.
The orc is lightly wounded.
The orc barely misses you.
You slash the orc!
You kill the orc!
You slash the orc priest!
The orc priest is heavily wounded.
The orc priest hits you with a +0 hand axe. x2
You hit the orc priest but do no damage.
The orc priest is heavily wounded.
The orc priest invokes the aid of Beogh against you.
Pain shoots through your body!
You closely miss the orc priest.
The orc priest is heavily wounded.
The orc priest hits you with a +0 hand axe.
The orc priest calls down the wrath of Beogh upon you.
Beogh smites you!
You die...

############.#.###.#
#####........#.# #.#
...........>.#.# #.#
#####.##.###.#.# #.#
# #.#..# #.#.# #.# #
#.#.## #.#.# #.#
#####.#.# #.#.# #.#
........# #.#o###.#
#####..## #..oo@..#
#.## #...##### #.#
#.. ###.# #. ##...#
# #..#### ##.....#
.......# ##.....#


You could see 2 orc priests and an orc.

Vanquished Creatures
  Ijyb (D:3)
  Terence (D:2)
  3 adders
  A worm (D:2)
  2 dart slugs (D:1)
  3 orcs
  4 ball pythons
  7 bats
  6 endoplasms
  2 giant cockroaches
  5 goblins (D:1)
  3 hobgoblins
  2 jackals (D:1)
  A quokka (D:1)
  5 frilled lizards
  6 kobolds
  8 rats
60 creatures vanquished.

Notes
Turn   | Place    | Note
-------+----------+-------------------------------------------
     0 | D:1      | qw the Gargoyle Fighter began the quest for the Orb.
     0 | D:1      | Reached XP level 1. HP: 14/14 MP: 1/1
     0 | D:1      | 0 ||| qw: Version: 0.2-a-102-gaee6249
     0 | D:1      | 0 ||| qw: Game counter: 368
     0 | D:1      | 0 ||| qw: Always use a shield: true
     0 | D:1      | 0 ||| qw: God list: Okawaru
     0 | D:1      | 0 ||| qw: Allow faded altars: false
     0 | D:1      | 0 ||| qw: Do Orc after D:15 true
     0 | D:1      | 0 ||| qw: Do second Lair branch before Depths: true
     0 | D:1      | 0 ||| qw: Lair rune preference: random
     0 | D:1      | 0 ||| qw: Plans: Normal, Zot:1-4, Slime:5, God:TSO, Crypt,
                  | Tomb, Pan, Hells, Abyss, Win
     0 | D:1      | 0 ||| PLANNING D:1-11
    57 | D:1      | Reached skill level 2 in Axes
    82 | D:1      | Reached XP level 2. HP: 17/19 MP: 2/2
    93 | D:1      | 93 ||| DROPPING +0 club.
   130 | D:1      | 130 ||| Stepping ~*~*~tactically~*~*~ (stealth).
   287 | D:1      | 287 ||| Stepping ~*~*~tactically~*~*~ (hiding).
   289 | D:1      | 289 ||| Stepping ~*~*~tactically~*~*~ (hiding).
   319 | D:1      | Reached skill level 3 in Axes
   362 | D:1      | Found Ankapuaq's General Store.
   379 | D:1      | Reached XP level 3. HP: 23/23 MP: 3/3
   380 | D:1      | 380 ||| SHOPLISTING ring of see invisible (210 gold, have
                  | 31).
   380 | D:1      | 380 ||| SHOPLISTING scroll of enchant armour (105 gold,
                  | have 31).
   380 | D:1      | 380 ||| SHOPLISTING scroll of teleportation (42 gold, have
                  | 31).
   397 | D:1      | 397 ||| Stepping ~*~*~tactically~*~*~ (hiding).
   670 | D:1      | 670 ||| UPGRADING to +0 plate armour.
   680 | D:1      | 680 ||| DROPPING +0 scale mail.
   681 | D:1      | 681 ||| UPGRADING to +0 cloak.
   686 | D:1      | 686 ||| UPGRADING to ring of protection from cold.
   687 | D:1      | 687 ||| READING 2 scrolls labelled KEVODGH ZULON.
   688 | D:1      | 688 ||| READING scroll labelled QECSE NYECUEWN.
   689 | D:1      | 689 ||| DRINKING 2 grey potions.
   690 | D:1      | 690 ||| DROPPING scroll of vulnerability.
   691 | D:1      | 691 ||| DROPPING potion of brilliance.
   755 | D:2      | Noticed Terence
   756 | D:2      | 756 ||| Stepping ~*~*~tactically~*~*~ (hiding).
   765 | D:2      | Killed Terence
   766 | D:2      | Reached XP level 4. HP: 15/28 MP: 4/4
   937 | D:2      | Reached skill level 4 in Axes
  1164 | D:2      | Found a faded altar of an unknown god.
  1285 | D:2      | 1285 ||| Stepping ~*~*~tactically~*~*~ (stealth).
  1493 | D:2      | 1493 ||| UPGRADING to ring of resist corrosion.
  1494 | D:2      | 1494 ||| UPGRADING to +6 ring of dexterity.
  1496 | D:2      | 1496 ||| READING scroll labelled HEPSUE YLOQUFF.
  1497 | D:2      | 1497 ||| READING scroll labelled OMUOL XAOLAX.
  1500 | D:2      | 1500 ||| DRINKING 2 fizzy brown potions.
  1501 | D:2      | 1501 ||| READING 2 scrolls of identify.
  1501 | D:2      | 1501 ||| IDENTIFYING lumpy inky potion
  1719 | D:3      | Reached XP level 5. HP: 27/32 MP: 5/5
  1758 | D:3      | Noticed Ijyb
  1776 | D:3      | HP: 6/32 [disintegration (6)]
  1777 | D:3      | 1777 ||| READING scroll of teleportation.
  1778 | D:3      | 1778 ||| DRINKING potion of heal wounds.
  1990 | D:3      | Killed Ijyb
  1991 | D:3      | Reached skill level 1 in Dodging
  2072 | D:3      | 2072 ||| Stepping ~*~*~tactically~*~*~ (hiding).
  2084 | D:3      | Killed from afar by an orc priest

Levels and vault maps discovered:
D:1:      dpeg_arrival_simpleton_b, layout_basic, serial_shops, shop,
          kennysheep_nondescript, nicolae_concentric_dashed_squares_wild,
          minmay_misc_feat_tower, minmay_small_reverse_x
D:2:      layout_basic, hellmonk_ecumenical_altar_crossroads,
          minmay_joined_circles, uniq_terence
D:3:      layout_basic, nicolae_wu_jian_immortal_techniques, uniq_sigmund,
          uniq_ijyb

Skill      XL: |  1  2  3  4  5 |
---------------+----------------+-----
Axes           | 2 3 4 |  4.4
Dodging        | 1 |  1.4
Fighting       | |  3.2
Armour         | |  3.2
Shields        | |  3.2

Action                     |  1- 3 |  4- 6 || total
---------------------------+-------+-------++-------
  Melee: War axe           |    74 |   132 ||   206
    Use: Scroll            |     2 |     4 ||     6
         Potion            |     1 |     2 ||     3
   Stab: Distracted        |       |     1 ||     1
 Armour: Scale mail        |    36 |       ||    36
         Plate armour      |     2 |    81 ||    83
  Dodge: Dodged            |    33 |    35 ||    68
  Block: Buckler           |     7 |    23 ||    30

Table legend:
 A = Non-vault XP
 B = Vault XP
 C = Vault XP percentage of total XP
 D = Non-vault monster count
 E = Vault monster count
 F = Vault count percentage of total count
                 A         B        C        D         E       F
            +---------+---------+-------+---------+---------+-------
      Total |      96 |     111 |  53.6 |      39 |      21 |  35.0
            +---------+---------+-------+---------+---------+-------
        D:1 |      47 |       7 |  13.0 |      25 |       4 |  13.8
        D:2 |      26 |      66 |  71.7 |       7 |      16 |  69.6
        D:3 |      23 |      38 |  62.3 |       7 |       1 |  12.5
            +---------+---------+-------+---------+---------+-------
